| TOP OF THE 1ST |
|
University of Miami Hurricanes batting - Pitching for Oregon State University Beavers : RHP Sun-dong Pak
|
|
Pitching: RHP Sun-dong Pak
|
|
|
Batting: SHB Taylor Shelton
|
0-0: Called Strike 0-1: Foul Ball, location: 2F 0-2: Strikes out looking
|
|
Batting: RHB Danny Gallardo
|
0-0: Ball 1-0: Called Strike 1-1: Ball 2-1: Ball 3-1: Swinging Strike 3-2: SINGLE (Groundball, 6D, EV 101.9 MPH)
|
|
Batting: RHB Burke Miller
|
0-0: Ball 1-0: Fly out, F7 (Flyball, 78D, EV 110.0 MPH)
|
|
Batting: LHB Hector Salazar
|
0-0: Called Strike Danny Gallardo steals 2nd base 0-1: Ball 1-1: Ball 2-1: Called Strike 2-2: Strikes out swinging
|
| Top of the 1st over - 0 runs, 1 hit, 0 errors, 1 left on base; University of Miami 0 - Oregon State University 0 |
| BOTTOM OF THE 1ST |
|
Oregon State University Beavers batting - Pitching for University of Miami Hurricanes : RHP Alberto Arellano
|
|
Pitching: RHP Alberto Arellano
|
|
|
Batting: LHB Sun-wei Kuai
|
0-0: Ball 1-0: Foul Ball, location: 2F 1-1: Foul Ball, location: 2F 1-2: Strikes out swinging
|
|
Batting: SHB Manny Zatarain
|
0-0: Ball 1-0: Ball 2-0: Foul Ball, location: 2F 2-1: Called Strike 2-2: Strikes out looking
|
|
Batting: RHB Luis Flores
|
0-0: Ball 1-0: Ball 2-0: Called Strike 2-1: Foul Ball, location: 2F 2-2: Ground out U3 (Groundball, 34, EV 97.5 MPH)
|
| Bottom of the 1st over - 0 runs, 0 hits, 0 errors, 0 left on base; University of Miami 0 - Oregon State University 0 |
| TOP OF THE 2ND |
|
University of Miami Hurricanes batting - Pitching for Oregon State University Beavers : RHP Sun-dong Pak
|
|
Batting: RHB Chris Zubia
|
0-0: Foul Ball, location: 2F 0-1: Foul Ball, location: 2F 0-2: Foul Ball, location: 2F 0-2: Foul Ball, location: 2F 0-2: Ball 1-2: Reached on error, E5 (Groundball, 56S, EV 83.8 MPH)
|
|
Batting: RHB Christian Leschak
|
0-0: Ball 1-0: Swinging Strike 1-1: Swinging Strike 1-2: Ball 2-2: Strikes out looking
|
|
Batting: LHB Addergoole Kartosuwiryo
|
0-0: Ball 1-0: Swinging Strike 1-1: Fly out, F8 (Flyball, 78M, EV 86.2 MPH)
|
|
Batting: RHB Sam Costello
|
0-0: Swinging Strike 0-1: Called Strike 0-2: Ball 1-2: Foul Ball, location: 2F 1-2: Ball 2-2: Ball 3-2: Foul Ball, location: 2F 3-2: Foul Ball, location: 2F 3-2: Fly out, F5 (Line Drive, 5L, EV 68.8 MPH)
|
| Top of the 2nd over - 0 runs, 0 hits, 1 error, 1 left on base; University of Miami 0 - Oregon State University 0 |
| BOTTOM OF THE 2ND |
|
Oregon State University Beavers batting - Pitching for University of Miami Hurricanes : RHP Alberto Arellano
|
|
Batting: RHB Rafael Ventura
|
0-0: Ball 1-0: Called Strike 1-1: Foul Ball, location: 2F 1-2: Strikes out swinging, 2-3 out at first.
|
|
Batting: RHB Oscar Munoz
|
0-0: Ball 1-0: Ball 2-0: Swinging Strike 2-1: Foul Ball, location: 2F 2-2: Foul Ball, location: 2F 2-2: Foul Ball, location: 2F 2-2: Strikes out swinging
|
|
Batting: RHB Israel Soto
|
0-0: Ball 1-0: Ground out U3 (Groundball, 3S, EV 87.5 MPH)
|
| Bottom of the 2nd over - 0 runs, 0 hits, 0 errors, 0 left on base; University of Miami 0 - Oregon State University 0 |
| TOP OF THE 3RD |
|
University of Miami Hurricanes batting - Pitching for Oregon State University Beavers : RHP Sun-dong Pak
|
|
Batting: RHB Drew Morgenstern
|
0-0: Ball 1-0: Called Strike 1-1: Foul Ball, location: 2F 1-2: Ball 2-2: Strikes out swinging
|
|
Batting: SHB Taylor Shelton
|
0-0: Ball 1-0: Ground out 4-3 (Groundball, 4, EV 94.4 MPH)
|
|
Batting: RHB Danny Gallardo
|
0-0: Fly out, F6 (Popup, 6M, EV 54.4 MPH)
|
| Top of the 3rd over - 0 runs, 0 hits, 0 errors, 0 left on base; University of Miami 0 - Oregon State University 0 |
| BOTTOM OF THE 3RD |
|
Oregon State University Beavers batting - Pitching for University of Miami Hurricanes : RHP Alberto Arellano
|
|
Batting: LHB Jason Trevarrow
|
0-0: Ball 1-0: Called Strike 1-1: Ground out 6-3 (Groundball, 4M, EV 93.1 MPH)
|
|
Batting: LHB Jon Hamilton
|
0-0: Called Strike 0-1: Ball 1-1: Ball 2-1: Ground out 4-3 (Groundball, 4, EV 82.5 MPH)
|
|
Batting: RHB Kyle McCunn
|
0-0: Called Strike 0-1: Ground out 5-3 (Groundball, 5S, EV 81.9 MPH)
|
| Bottom of the 3rd over - 0 runs, 0 hits, 0 errors, 0 left on base; University of Miami 0 - Oregon State University 0 |
| TOP OF THE 4TH |
|
University of Miami Hurricanes batting - Pitching for Oregon State University Beavers : RHP Sun-dong Pak
|
|
Batting: RHB Burke Miller
|
0-0: SINGLE (Line Drive, 78S, EV 91.9 MPH)
|
|
Batting: LHB Hector Salazar
|
0-0: Ball 1-0: Ball 2-0: Foul Ball, location: 2F 2-1: Ball 3-1: Foul Ball, location: 2F 3-2: Base on Balls Burke Miller to second
|
|
Batting: RHB Chris Zubia
|
0-0: Fielders Choice at 2nd, 3-6 (Groundball, 34, EV 108.1 MPH) Burke Miller to third
|
|
Batting: RHB Christian Leschak
|
0-0: Called Strike 0-1: Swinging Strike 0-2: Ball 1-2: Strikes out swinging
|
|
Batting: LHB Addergoole Kartosuwiryo
|
0-0: Ball 1-0: Called Strike 1-1: Ball 2-1: Called Strike 2-2: Strikes out swinging
|
| Top of the 4th over - 0 runs, 1 hit, 0 errors, 2 left on base; University of Miami 0 - Oregon State University 0 |
| BOTTOM OF THE 4TH |
|
Oregon State University Beavers batting - Pitching for University of Miami Hurricanes : RHP Alberto Arellano
|
|
Batting: LHB Sun-wei Kuai
|
0-0: Called Strike 0-1: Called Strike 0-2: Ball 1-2: Ball 2-2: Foul Ball, location: 2F 2-2: Ball 3-2: Fly out, F9 (Flyball, 89D, EV 90.6 MPH)
|
|
Batting: SHB Manny Zatarain
|
0-0: Called Strike 0-1: Ball 1-1: Ball 2-1: Foul Ball, location: 2F 2-2: Strikes out swinging
|
|
Batting: RHB Luis Flores
|
0-0: Ball 1-0: Ball 2-0: Ball 3-0: Base on Balls
|
|
Batting: RHB Rafael Ventura
|
0-0: Ball 1-0: Ball 2-0: Called Strike 2-1: Foul Ball, location: 2F 2-2: Ground out 4-3 (Groundball, 4, EV 87.5 MPH)
|
| Bottom of the 4th over - 0 runs, 0 hits, 0 errors, 1 left on base; University of Miami 0 - Oregon State University 0 |
| TOP OF THE 5TH |
|
University of Miami Hurricanes batting - Pitching for Oregon State University Beavers : RHP Sun-dong Pak
|
|
Batting: RHB Sam Costello
|
0-0: Fly out, F6 (Line Drive, 6M, EV 66.2 MPH)
|
|
Batting: RHB Drew Morgenstern
|
0-0: Swinging Strike 0-1: Ground out 1-3 (Groundball, 13S, EV 73.1 MPH)
|
|
Batting: SHB Taylor Shelton
|
0-0: DOUBLE (Flyball, 8RXD, EV 88.8 MPH)
|
|
Batting: RHB Danny Gallardo
|
0-0: Ball 1-0: Ground out U3 (Groundball, 3S, EV 68.1 MPH)
|
| Top of the 5th over - 0 runs, 1 hit, 0 errors, 1 left on base; University of Miami 0 - Oregon State University 0 |
| BOTTOM OF THE 5TH |
|
Oregon State University Beavers batting - Pitching for University of Miami Hurricanes : RHP Alberto Arellano
|
|
Batting: RHB Oscar Munoz
|
0-0: Called Strike 0-1: Foul Ball, location: 2F 0-2: SINGLE (Groundball, P, EV 91.9 MPH) (infield hit)
|
|
Batting: RHB Israel Soto
|
0-0: Called Strike 0-1: Ball 1-1: Ball 2-1: Foul Ball, location: 2F 2-2: Ball 3-2: Strikes out swinging
|
|
Batting: LHB Jason Trevarrow
|
0-0: Called Strike 0-1: Ball 1-1: Swinging Strike 1-2: Foul Ball, location: 2F 1-2: Ball 2-2: Fielders Choice at 2nd, 4-6 (Groundball, 4, EV 90.6 MPH)
|
|
Batting: LHB Jon Hamilton
|
0-0: Called Strike Jason Trevarrow steals 2nd base 0-1: Foul Ball, location: 2F 0-2: Ball 1-2: Strikes out swinging
|
| Bottom of the 5th over - 0 runs, 1 hit, 0 errors, 1 left on base; University of Miami 0 - Oregon State University 0 |
| TOP OF THE 6TH |
|
University of Miami Hurricanes batting - Pitching for Oregon State University Beavers : RHP Sun-dong Pak
|
|
Batting: RHB Burke Miller
|
0-0: Ground out 6-3 (Groundball, 6, EV 101.9 MPH)
|
|
Batting: LHB Hector Salazar
|
0-0: Ball 1-0: Foul Ball, location: 2F 1-1: Ball 2-1: SINGLE (Groundball, 13S, EV 71.9 MPH) (infield hit)
|
|
Pitching: RHP Edgar Cepeda
|
|
|
Batting: RHB Chris Zubia
|
0-0: Ball 1-0: Called Strike 1-1: Ball Hector Salazar steals 2nd base 2-1: Ball 3-1: Base on Balls
|
|
Batting: RHB Christian Leschak
|
0-0: Called Strike Hector Salazar steals 3rd base 0-1: Foul Ball, location: 2F 0-2: Ball 1-2: Ball 2-2: Strikes out swinging
|
|
Batting: LHB Addergoole Kartosuwiryo
|
0-0: Called Strike 0-1: Ball 1-1: Called Strike 1-2: Fly out, F8 (Flyball, 8RM, EV 85.6 MPH)
|
| Top of the 6th over - 0 runs, 1 hit, 0 errors, 2 left on base; University of Miami 0 - Oregon State University 0 |
| BOTTOM OF THE 6TH |
|
Oregon State University Beavers batting - Pitching for University of Miami Hurricanes : RHP Alberto Arellano
|
|
Batting: RHB Kyle McCunn
|
0-0: Swinging Strike 0-1: Swinging Strike 0-2: Ball 1-2: Strikes out swinging
|
|
Pitching: RHP Ernie Zepeda
|
|
|
Batting: LHB Sun-wei Kuai
|
0-0: Ball 1-0: Ball 2-0: Ball 3-0: Foul Ball, location: 2F 3-1: Foul Ball, location: 2F 3-2: Base on Balls
|
|
Batting: SHB Manny Zatarain
|
0-0: Ball 1-0: Ball 2-0: Ball 3-0: Called Strike 3-1: Foul Ball, location: 2F 3-2: Base on Balls Sun-wei Kuai to second
|
|
Batting: RHB Luis Flores
|
0-0: Ball 1-0: Called Strike 1-1: Ball 2-1: Ball 3-1: Base on Balls Sun-wei Kuai to third Manny Zatarain to second
|
|
Batting: RHB Rafael Ventura
|
0-0: Swinging Strike 0-1: Ball 1-1: Ball 2-1: Ball 3-1: Base on Balls Sun-wei Kuai scores Manny Zatarain to third Luis Flores to second
|
|
Batting: RHB Oscar Munoz
|
0-0: Ball 1-0: Foul Ball, location: 2F 1-1: Ball 2-1: Swinging Strike 2-2: Foul Ball, location: 2F 2-2: Foul Ball, location: 2F 2-2: Ball 3-2: Foul Ball, location: 2F 3-2: Foul Ball, location: 2F 3-2: Fly out, F2 (Popup, 15S, EV 91.2 MPH)
|
|
Pitching: RHP Matt Pepin
|
|
|
Batting: RHB Israel Soto
|
0-0: Called Strike 0-1: Ball 1-1: Ball 2-1: Ball 3-1: Base on Balls Manny Zatarain scores Luis Flores to third Rafael Ventura to second
|
|
Batting: LHB Jason Trevarrow
|
0-0: Swinging Strike 0-1: GRAND SLAM HOME RUN (Flyball, 9D, EV 95.0 MPH), Distance : 375 ft
|
|
Batting: LHB Jon Hamilton
|
0-0: Called Strike 0-1: Fly out, F8 (Flyball, 8LD, EV 93.8 MPH)
|
| Bottom of the 6th over - 6 runs, 1 hit, 0 errors, 0 left on base; University of Miami 0 - Oregon State University 6 |
| TOP OF THE 7TH |
|
University of Miami Hurricanes batting - Pitching for Oregon State University Beavers : RHP Edgar Cepeda
|
|
Batting: RHB Sam Costello
|
0-0: Ball 1-0: Swinging Strike 1-1: Foul Ball, location: 2F 1-2: Strikes out swinging
|
|
Batting: RHB Drew Morgenstern
|
0-0: Called Strike 0-1: SINGLE (Groundball, 15S, EV 70.0 MPH) (infield hit)
|
|
Batting: SHB Taylor Shelton
|
0-0: Ball 1-0: Foul Ball, location: 2F 1-1: Swinging Strike 1-2: Ball 2-2: Foul Ball, location: 2F 2-2: Ball 3-2: Foul Ball, location: 2F 3-2: Fly out, F8 (Flyball, 8LXD, EV 91.9 MPH)
|
|
Batting: RHB Danny Gallardo
|
0-0: Ball 1-0: Ball 2-0: Swinging Strike 2-1: Called Strike 2-2: Foul Ball, location: 2F 2-2: Foul Ball, location: 2F 2-2: Foul Ball, location: 2F 2-2: Fielders Choice at 2nd, 5-4 (Groundball, 5, EV 106.9 MPH)
|
| Top of the 7th over - 0 runs, 1 hit, 0 errors, 1 left on base; University of Miami 0 - Oregon State University 6 |
| BOTTOM OF THE 7TH |
|
Oregon State University Beavers batting - Pitching for University of Miami Hurricanes : RHP Matt Pepin
|
|
Batting: RHB Kyle McCunn
|
0-0: Called Strike 0-1: Foul Ball, location: 2F 0-2: Strikes out swinging
|
|
Batting: LHB Sun-wei Kuai
|
0-0: Swinging Strike 0-1: Foul Ball, location: 2F 0-2: Strikes out swinging
|
|
Batting: SHB Manny Zatarain
|
0-0: Ball 1-0: Foul Ball, location: 2F 1-1: Swinging Strike 1-2: SINGLE (Groundball, 25, EV 69.4 MPH) (infield hit)
|
|
Pitching: RHP Kieran Jesso
|
|
|
Batting: RHB Luis Flores
|
0-0: Ball 1-0: Ball 2-0: Ball 3-0: Base on Balls Manny Zatarain to second
|
|
Batting: RHB Rafael Ventura
|
0-0: Ball 1-0: Ground out U3 (Groundball, 34, EV 88.1 MPH)
|
| Bottom of the 7th over - 0 runs, 1 hit, 0 errors, 2 left on base; University of Miami 0 - Oregon State University 6 |
| TOP OF THE 8TH |
|
University of Miami Hurricanes batting - Pitching for Oregon State University Beavers : RHP Edgar Cepeda
|
|
Batting: RHB Burke Miller
|
0-0: Called Strike 0-1: Ground out 4-3 (Groundball, 4M, EV 82.5 MPH)
|
|
Batting: LHB Hector Salazar
|
0-0: Called Strike 0-1: Swinging Strike 0-2: Strikes out swinging
|
|
Batting: RHB Chris Zubia
|
0-0: Ball 1-0: Swinging Strike 1-1: Foul Ball, location: 2F 1-2: Foul Ball, location: 2F 1-2: Ball 2-2: Ball 3-2: Strikes out swinging
|
| Top of the 8th over - 0 runs, 0 hits, 0 errors, 0 left on base; University of Miami 0 - Oregon State University 6 |
| BOTTOM OF THE 8TH |
|
Oregon State University Beavers batting - Pitching for University of Miami Hurricanes : RHP Kieran Jesso
|
|
Batting: RHB Oscar Munoz
|
0-0: Ball 1-0: Foul Ball, location: 2F 1-1: Ball 2-1: Reached on error, E5 (Groundball, 56, EV 79.4 MPH)
|
|
Batting: RHB Israel Soto
|
0-0: Ball 1-0: Ball 2-0: Called Strike 2-1: Foul Ball, location: 2F 2-2: Ground out 5-3 (Groundball, 56S, EV 86.9 MPH)
|
|
Batting: LHB Jason Trevarrow
|
0-0: Called Strike 0-1: Ball 1-1: Foul Ball, location: 2F 1-2: Strikes out looking
|
|
Batting: LHB Jon Hamilton
|
0-0: Ball 1-0: Ground out 4-3 (Groundball, 4, EV 90.6 MPH)
|
| Bottom of the 8th over - 0 runs, 0 hits, 1 error, 1 left on base; University of Miami 0 - Oregon State University 6 |
| TOP OF THE 9TH |
|
University of Miami Hurricanes batting - Pitching for Oregon State University Beavers : RHP Edgar Cepeda
|
|
Pinch Hitting: RHB Leonardo Morales
|
0-0: Ground out 5-3 (Groundball, 56, EV 108.8 MPH)
|
|
Batting: LHB Addergoole Kartosuwiryo
|
0-0: Ball 1-0: Foul Ball, location: 2F 1-1: Ball 2-1: Called Strike 2-2: Ball 3-2: Strikes out looking
|
|
Batting: RHB Sam Costello
|
0-0: Foul Ball, location: 2F 0-1: Ball 1-1: SINGLE (Groundball, 4, EV 107.5 MPH)
|
|
Batting: RHB Drew Morgenstern
|
0-0: Called Strike 0-1: Called Strike 0-2: Ball 1-2: Ground out 5-3 (Groundball, 56S, EV 87.5 MPH)
|
| Top of the 9th over - 0 runs, 1 hit, 0 errors, 1 left on base; University of Miami 0 - Oregon State University 6 |
|